Map: [ESL] Stargazers

Players

ShoWTimE - Winner!

  • Race: Protoss Protoss
  • Spawn Location: 11:00

maru

  • Race: Terran Terran
  • Spawn Location: 1:00

Event: TSL 9

VOD

Have the link to the VOD?

Description

Time

  • Played on: Aug. 5, 2022, 11:36 a.m.
  • Length: 17:21

All games in this series

Show
View Real Time Build Order
Export as new Build Order

ShoWTimE Protoss - Winner!

Build Orders: 1 Gate Expand, Oracle Opening 

Get SALT Encoding   

  12  0:00  Probe  
  13  0:12  Probe  
  14  0:17  Pylon  
  14  0:24  Probe (Chrono Boost)  
  15  0:36  Gateway, Probe (Chrono Boost)  
  16  0:44  Probe (Chrono Boost)  
  16  0:45  Assimilator  
  17  0:51  Probe  
  18  1:03  Probe  
  19  1:15  Probe  
  20  1:23  Cybernetics Core  
  20  1:32  Nexus  
  20  1:34  Probe  
  21  1:42  Pylon  
  22  1:47  Probe  
  22  1:50  Assimilator  
  22  1:58  Stalker (Chrono Boost)  
  22  1:59  Probe  
  25  2:11  Probe  
  26  2:19  Stalker (Chrono Boost)  
  28  2:23  Probe  
  29  2:35  Probe  
  30  2:38  Shield Battery  
  30  2:43  Stargate  
  30  2:46  Probe  
  30  2:47  Probe  
  30  2:49  Stalker (Chrono Boost)  
  33  2:58  Probe  
  33  2:59  Warp Gate  
  33  3:00  Probe  
  35  3:11  Probe  
  36  3:13  Probe  
  37  3:23  Probe  
  37  3:25  Probe  
  37  3:27  Shield Battery  
  37  3:32  Oracle  
  40  3:35  Probe  
  40  3:37  Probe  
  42  3:47  Probe  
  43  3:49  Probe  
  43  3:51  Pylon  
  44  3:59  Probe  
  44  4:01  Probe  
  46  4:07  Gateway  
  46  4:09  Gateway  
  46  4:11  Oracle  
  49  4:22  Probe  
  50  4:31  Probe  
  50  4:33  Pylon  
  50  4:36  Nexus  
  51  4:38  Probe  
  51  4:43  Probe  
  53  4:49  Twilight Council  
  53  4:50  Probe  
  53  4:52  Forge  
  54  4:55  Probe  
  54  4:56  Assimilator  
  55  5:02  Probe  
  55  5:04  Assimilator  
  56  5:07  Probe  
  56  5:10  Pylon  
  56  5:12  Sentry x2  
  61  5:15  Probe  
  62  5:28  Probe x2  
  62  5:33  Protoss Ground Weapons Level 1 (Chrono Boost)  
  64  5:37  Gateway x2  
  64  5:38  Blink (Chrono Boost)  
  64  5:40  Probe x2  
  66  5:49  Probe (Chrono Boost)  
  67  5:52  Pylon  
  67  5:53  Probe (Chrono Boost)  
  67  5:56  Robotics Facility  
  69  5:58  Probe (Chrono Boost)  
  69  6:01  Probe (Chrono Boost)  
  69  6:03  Probe (Chrono Boost), Stalker  
  73  6:06  Probe (Chrono Boost)  
  73  6:07  Probe (Chrono Boost)  
  73  6:08  Probe (Chrono Boost)  
  73  6:10  Stalker  
  78  6:13  Stalker  
  78  6:15  Probe (Chrono Boost)  
  78  6:17  Probe (Chrono Boost)  
  83  6:19  Probe (Chrono Boost)  
  83  6:22  Assimilator  
  83  6:25  Probe x2 (Chrono Boost), Assimilator  
  85  6:26  Probe (Chrono Boost)  
  85  6:30  Probe (Chrono Boost)  
  85  6:31  Gateway, Probe  
  85  6:32  Pylon x2  
  87  6:33  Probe  
  89  6:41  Shield Battery, Probe  
  89  6:42  Stalker, Pylon  
  89  6:43  Probe  
  93  6:48  Robotics Bay  
  93  6:50  Observer (Chrono Boost), Probe  
  93  6:51  Robotics Facility  
  95  6:56  Stalker, Pylon  
  95  6:57  Stalker  
  99  7:06  Observer  
  99  7:08  Forge  
  100  7:09  Stalker  
  100  7:11  Pylon  
  100  7:13  Stalker x2  
  106  7:21  Pylon  
  106  7:29  Charge (Chrono Boost)  
  106  7:32  Colossus (Chrono Boost)  
  106  7:35  Pylon  
  106  7:36  Extended Thermal Lance (Chrono Boost)  
  112  7:37  Observer, Pylon  
  112  7:41  Nexus  
  112  7:47  Colossus (Chrono Boost)  
  112  7:51  Probe, Protoss Ground Armor Level 1 (Chrono Boost)  
  118  7:52  Probe x2  
  118  7:57  Gateway  
  121  7:59  Gateway  
  121  8:00  Protoss Ground Weapons Level 2 (Chrono Boost)  
  121  8:05  Probe x2  
  123  8:06  Probe  
  123  8:12  Pylon  
  124  8:14  Pylon  
  124  8:16  Pylon  
  124  8:26  Colossus (Chrono Boost)  
  130  8:34  Zealot, Colossus (Chrono Boost)  
  130  8:35  Zealot x4  
  130  8:40  Probe x2  
  148  8:52  Probe  
  148  8:53  Probe  
  150  8:59  Gateway  
  150  9:00  Gateway  
  150  9:04  Zealot x2  
  154  9:10  Gravitic Drive (Chrono Boost)  
  154  9:13  Warp Prism  
  154  9:16  Zealot x4  
  164  9:21  Disruptor  
  167  9:25  Shield Battery  
  167  9:26  Photon Cannon  
  167  9:27  Photon Cannon  
  166  9:33  Gateway  
  166  9:35  Gateway  
  163  9:41  Zealot x4  
  174  9:55  Disruptor (Chrono Boost)  
  174  9:56  Disruptor (Chrono Boost)  
  177  10:10  Protoss Ground Weapons Level 3 (Chrono Boost)  
  177  10:12  Protoss Ground Armor Level 2 (Chrono Boost)  
  177  10:13  Nexus  
  177  10:14  Dark Shrine  
  177  10:15  Pylon  
  177  10:24  Disruptor (Chrono Boost)  
  177  10:25  Disruptor (Chrono Boost)  
  179  10:41  Pylon  
  177  10:45  Gateway  
  177  10:48  Pylon  
  173  10:51  Gravitic Boosters  
  173  10:58  Disruptor (Chrono Boost)  
  178  11:06  Pylon  
  178  11:07  Warp Prism (Chrono Boost)  
  178  11:09  Pylon  
  178  11:10  Photon Cannon  
  178  11:11  Photon Cannon  
  178  11:12  Photon Cannon  
  178  11:13  Shield Battery  
  178  11:22  Photon Cannon  
  178  11:25  Zealot x11  
  194  11:26  Zealot  
  194  11:27  Shadow Stride (Chrono Boost)  
  198  11:35  Nexus  
  198  11:36  Disruptor (Chrono Boost), Pylon  
  195  11:52  Stalker x5  
  199  12:03  Nexus  
  199  12:06  Pylon  
  189  12:22  Photon Cannon  
  189  12:23  Photon Cannon, Stalker x2  
  189  12:24  Photon Cannon, Stalker x3  
  189  12:26  Shield Battery, Protoss Shields Level 1 (Chrono Boost)  
  199  12:34  Pylon  
  199  12:42  Observer  
  199  12:43  Gateway x2  
  200  12:46  Gateway  
  200  12:47  Protoss Ground Armor Level 3 (Chrono Boost)  
  200  12:51  Gateway  
  200  12:55  Disruptor  
  186  13:01  Zealot x7  
  191  13:15  Disruptor (Chrono Boost)  
  191  13:17  Photon Cannon  
  191  13:18  Photon Cannon  
  187  13:20  Shield Battery  
  187  13:25  Gateway  
  179  13:28  Zealot x4, Dark Templar x7  
  179  13:29  Zealot  
  197  13:35  Disruptor (Chrono Boost)  
  200  13:50  Disruptor (Chrono Boost)  
  198  14:15  Stalker x3  
  176  14:40  Zealot x12  
  176  14:59  Disruptor (Chrono Boost)  
  148  15:05  Disruptor (Chrono Boost), Stalker x7  
  148  15:06  Stalker x11  
  153  15:19  Probe x3  
  153  15:20  Probe x2  
  158  15:27  Disruptor  
  161  15:35  Zealot x6  
  165  15:36  Zealot x2, Dark Templar x9  
  165  15:37  Zealot  
  197  15:43  Assimilator  
  197  15:48  Assimilator  
  183  15:55  Stalker x2  
  183  15:56  Stalker x4  
  191  15:57  Zealot x3  
  191  16:03  Nexus, Pylon  
  189  16:14  Zealot x5  
  193  16:22  Warp Prism (Chrono Boost)  
  193  16:29  Zealot x4  
  168  16:48  Zealot  
Show
View Real Time Build Order
Export as new Build Order

maru Terran 

Build Orders:  

Get SALT Encoding   

  12  0:00  SCV  
  13  0:12  SCV  
  14  0:17  Supply Depot  
  14  0:24  SCV  
  15  0:39  SCV  
  15  0:40  Barracks  
  16  0:45  Refinery  
  16  0:51  SCV  
  16  0:55  Refinery  
  17  1:03  SCV  
  18  1:15  SCV  
  19  1:27  Reaper, Orbital Command  
  20  1:42  Bunker  
  20  1:43  Factory  
  20  1:50  Supply Depot  
  20  1:54  SCV  
  20  1:59  Marine  
  22  2:06  SCV  
  23  2:18  Marine  
  23  2:19  SCV  
  25  2:28  Hellion  
  27  2:32  Starport  
  27  2:33  Supply Depot  
  27  2:34  SCV  
  28  2:38  Marine  
  29  2:47  SCV  
  30  2:56  Widow Mine  
  32  2:59  SCV  
  33  3:10  Command Center  
  33  3:15  Medivac  
  33  3:19  SCV  
  34  3:26  Widow Mine  
  36  3:31  SCV  
  36  3:33  Supply Depot  
  36  3:41  Barracks  
  36  3:43  SCV  
  36  3:48  Widow Mine  
  37  3:53  Viking  
  39  3:55  SCV  
  38  4:07  SCV  
  38  4:09  Widow Mine  
  41  4:19  SCV  
  38  4:26  Orbital Command  
  38  4:32  Barracks Reactor  
  38  4:33  Widow Mine  
  38  4:34  SCV  
  41  4:43  Command Center  
  41  4:44  Starport Tech Lab  
  41  4:46  SCV  
  41  4:51  SCV  
  43  4:55  Factory Tech Lab  
  43  4:58  SCV  
  44  5:03  SCV  
  44  5:05  Raven  
  47  5:10  SCV  
  47  5:13  Barracks Tech Lab, Marine x2  
  50  5:14  Siege Tank  
  50  5:15  SCV  
  50  5:18  Refinery  
  53  5:22  SCV  
  53  5:27  SCV  
  53  5:34  SCV  
  53  5:35  Stimpack, Marine  
  53  5:36  Marine x2  
  53  5:39  SCV  
  53  5:40  Barracks  
  56  5:46  SCV  
  60  5:51  SCV  
  60  5:52  Refinery  
  60  5:53  Marine  
  62  6:00  SCV, Siege Tank  
  62  6:02  Orbital Command  
  62  6:04  SCV  
  67  6:05  Marine x2  
  67  6:11  Marine  
  67  6:12  SCV  
  67  6:15  Engineering Bay x2  
  67  6:16  SCV  
  69  6:19  Supply Depot, Starport Reactor  
  69  6:24  SCV  
  70  6:29  SCV x2  
  70  6:32  Barracks, Siege Tank  
  75  6:35  Barracks  
  75  6:37  Supply Depot, SCV  
  75  6:38  Combat Shield  
  76  6:42  Terran Infantry Weapons Level 1  
  76  6:43  Terran Infantry Armor Level 1, Orbital Command  
  76  6:45  SCV  
  76  6:46  Marine  
  78  6:48  Marine  
  78  6:49  SCV  
  78  6:50  Marine x2  
  82  6:57  Medivac  
  82  6:58  Medivac  
  82  7:00  SCV  
  82  7:01  Supply Depot  
  87  7:02  SCV  
  87  7:04  Marine  
  89  7:09  SCV, Siege Tank  
  93  7:18  Supply Depot  
  93  7:22  Supply Depot, SCV x2  
  95  7:24  Barracks Tech Lab  
  95  7:25  Barracks Reactor  
  95  7:26  SCV  
  96  7:31  Supply Depot  
  96  7:32  Marine x3  
  96  7:33  Supply Depot  
  96  7:35  SCV x2  
  101  7:37  Missile Turret  
  101  7:40  Supply Depot, SCV, Marauder  
  101  7:44  Siege Tank  
  106  7:45  Supply Depot  
  106  7:47  SCV  
  106  7:49  Ghost Academy  
  106  7:50  SCV  
  108  7:52  SCV  
  107  7:59  SCV  
  107  8:00  Marauder x2, Marine x2  
  107  8:01  Marauder  
  107  8:05  SCV x2  
  118  8:07  Armory  
  118  8:09  Refinery  
  118  8:10  Refinery  
  118  8:11  SCV  
  119  8:17  SCV x2  
  121  8:21  Ghost  
  121  8:22  Ghost  
  121  8:23  Command Center  
  121  8:26  SCV  
  124  8:29  Concussive Shells, SCV  
  124  8:31  SCV  
  125  8:38  SCV  
  126  8:41  SCV  
  126  8:43  SCV  
  126  8:46  Supply Depot, Marine x4  
  126  8:47  Missile Turret, Siege Tank  
  134  8:51  SCV  
  134  8:54  Terran Infantry Armor Level 2, Terran Infantry Weapons Level 2  
  135  9:07  Medivac x2  
  135  9:08  Barracks x2, SCV x3  
  135  9:09  Barracks  
  142  9:15  Enhanced Shockwaves  
  142  9:16  Marine x3  
  147  9:17  Marauder x2  
  149  9:31  Terran Vehicle Weapons Level 1, Command Center  
  149  9:33  Supply Depot  
  149  9:42  Ghost x2  
  149  9:43  Command Center  
  153  9:54  Planetary Fortress  
  153  9:57  Barracks Reactor, Barracks Tech Lab  
  153  9:59  Barracks Tech Lab  
  152  10:04  Marine  
  152  10:05  Marauder  
  152  10:06  Viking  
  157  10:07  Viking  
  157  10:10  Missile Turret  
  157  10:11  Missile Turret, Marauder x2  
  157  10:13  Missile Turret  
  163  10:17  Marauder, Marine x3  
  163  10:19  Sensor Tower  
  168  10:26  Marauder  
  168  10:34  Marine  
  168  10:35  Marauder x2, Marine x3  
  172  10:36  Marauder, Marine  
  172  10:37  Siege Tank  
  172  10:40  Marauder  
  180  10:54  Orbital Command  
  180  11:02  Medivac x2  
  184  11:05  Marine, Ghost x2  
  184  11:06  Marine x2, Ghost  
  193  11:11  Marine  
  193  11:12  Marauder x2, Marine  
  199  11:19  Planetary Fortress  
  199  11:33  Refinery  
  199  11:37  Terran Infantry Weapons Level 3  
  194  11:42  Refinery  
  192  11:48  Marauder x2, Marine  
  192  11:52  Refinery x2  
  192  11:54  Missile Turret  
  190  12:02  Medivac x2  
  190  12:05  Supply Depot  
  192  12:14  Ghost x2  
  183  12:25  Marauder x2, Marine x2  
  183  12:26  Marauder, Marine  
  192  12:32  SCV x4  
  192  12:34  Refinery  
  196  12:38  Command Center  
  196  12:41  Sensor Tower  
  196  12:43  Marauder, Ghost  
  200  12:45  Command Center  
  167  12:52  Refinery  
  153  12:59  Marauder x3, Marine x3  
  153  13:03  Siege Tank  
  153  13:05  Marauder  
  167  13:10  Viking x2  
  167  13:12  Marauder  
  170  13:13  Marine  
  170  13:20  Ghost x2  
  170  13:25  Terran Infantry Armor Level 3  
  167  13:30  SCV x2  
  169  13:40  Viking x2  
  173  13:41  Ghost  
  173  13:44  Marauder x2, Marine  
  179  13:53  Marine x2  
  179  13:54  Marauder x2, Marine x2  
  187  13:59  Marine  
  187  14:01  Marine  
  189  14:05  Marauder  
  189  14:06  Marauder  
  176  14:10  Marauder  
  176  14:11  Marine x2  
  176  14:15  Marauder  
  176  14:16  Marauder  
  177  14:18  Marine x3  
  177  14:19  Siege Tank  
  177  14:26  Ghost x2  
  173  14:31  Ghost  
  150  14:40  Medivac x2  
  154  14:47  Ghost  
  154  14:51  Siege Tank, Ghost  
  154  14:55  Ghost  
  154  14:57  Marine x2  
  154  14:58  Marauder, Marine  
  140  15:00  Marauder  
  140  15:03  Marine x2  
  140  15:05  Orbital Command  
  131  15:16  Marauder  
  131  15:19  SCV x3, Marauder  
  131  15:20  SCV, Ghost  
  131  15:21  Ghost  
  141  15:25  Marauder, Marine  
  146  15:31  SCV  
  147  15:36  Medivac  
  147  15:37  Medivac  
  147  15:40  SCV x4  
  155  15:43  SCV  
  155  15:44  Marine  
  146  15:52  SCV  
  146  15:54  Marauder x2, Marine x2, Siege Tank  
  150  16:00  Ghost x2  
  154  16:04  Marine  
  154  16:05  Marauder  
  154  16:06  Planetary Fortress  
  151  16:14  Liberator x2  
  151  16:17  Marauder x2, Marine  
  159  16:26  Marauder  
  159  16:27  Siege Tank  
  164  16:34  Marauder, Marine  
  164  16:35  Marauder, Marine x4  
  164  16:39  Marauder  
  167  16:40  Marine  
  167  16:41  Marauder  
  126  16:47  Marauder  
  125  16:52  Marine x4  
  125  16:56  Marauder x2  
  125  17:00  Marauder  
Tags
 
Add a new tag
Caveats
  • Supply blocks, unpowered buildings, or Contaminate may cause inaccurate times.
  • Supply counts are checked every 10 seconds.